 Dungeon Sprint DCSS version 0.31-a0-1612-g4aaf141004 (webtiles) character file.

Game seed: 4738238807612997263

2192 Conn the Adept (level 9, -4/82 HPs)
             Began as an Octopode Fire Elementalist on Jan 9, 2024.
             Was a Believer of Sif Muna.
             Shot with a bolt by a yaktaur (24 damage)
             ... in the Dungeon (Sprint II: "The Violet Keep of Menkaure").
             The game lasted 00:08:41 (899 turns).

Conn the Adept (Octopode Fire Elementalist)          Turns: 899, Time: 00:08:42

Health: -4/82      AC: 24    Str:  7    XL:     9   Next: 33%
Magic:  14/20      EV:  2    Int: 21    God:    Sif Muna [**....]
Gold:   413        SH:  0    Dex: 13    Spells: 9/23 levels left

rFire   + . .        r - +2 whip (elec)
rCold   + . .        (no shield)
rNeg    . . .        (helmet currently unavailable)
rPois   +            (no amulet)
rElec   +            e - +5 ring of evasion
rCorr   +            (no ring)
SInv    .            (no ring)
Will    .....        (no ring)
Stlth   +++          (no ring)
HPRegen 0.33/turn    (no ring)
MPRegen 0.17/turn    (no ring)
                     (no ring)

%: no teleportation
@: tree-form, resistant
A: stationary, stasis, torment immunity, boosted hp, almost no armour,
(amphibious), 8 rings, (camouflage 1), (gelatinous body 1), (nimble swimmer 1),
(tentacles)
a: Renounce Religion, Channel Magic


You were in the Dungeon.
You worshipped Sif Muna.
Sif Muna was pleased with you.
You were a tree.
You visited 1 branch You collected 600 gold pieces.
You spent 187 gold pieces at shops.

Inventory:

Hand Weapons
 r - a +2 whip of electrocution (weapon)
Missiles
 s - 7 poisoned darts (quivered)
Jewellery
 e - a +5 ring of evasion (left branch)
Scrolls
 f - a scroll of blinking
 h - 9 scrolls of identify {unknown}
 i - 2 scrolls of fog {unknown}
 m - a scroll of vulnerability {unknown}
 n - a scroll of amnesia {unknown}
 o - a scroll of butterflies {unknown}
Potions
 a - 4 potions of magic
 b - 2 potions of curing
 c - 3 potions of heal wounds
 d - a potion of haste
 j - 2 potions of brilliance {unknown}
 k - a potion of berserk rage
 l - 2 potions of mutation {unknown}
 p - 2 potions of resistance
 q - 3 potions of enlightenment {unknown}


   Skills:
 + Level 2.6 Fighting
 + Level 8.2 Dodging
 - Level 4.2 Stealth
 - Level 1.2 Unarmed Combat
 + Level 7.8 Spellcasting
 + Level 7.5 Conjurations
 - Level 6.0 Hexes
 * Level 3.3 Summonings
 + Level 9.7 Fire Magic
 * Level 3.3 Air Magic
 * Level 10.0 Invocations


You had 9 spell levels left.
You knew the following spells:

 Your Spells              Type           Power      Damage    Failure   Level
a - Foxfire               Conj/Fire      100%       2x1d9     1%          1
b - Scorch                Fire           98%        2d9       1%          2
c - Inner Flame           Hex/Fire       41%        N/A       1%          3
d - Flame Wave            Conj/Fire      44%        2d11      2%          4
e - Summon Lightning Spi  Summ/Air       22%        N/A       21%         4

Your spell library contained the following spells:

 Spells                   Type           Power      Damage    Failure   Level
 Static Discharge         Conj/Air       62%        3-6/arc   1%          2
 Tukima's Dance           Hex            33%        N/A       1%          3
 Volatile Blastmotes      Fire/Tloc      56%        2d14      3%          3
 Airstrike                Air            11%        2d(2-18)  21%         4
 Yara's Violent Unravell  Hex/Alch       10%        3d6       54%         5
 Passage of Golubria      Tloc           8%         N/A       63%         4


Dungeon Overview and Level Annotations

Branches:
Dungeon (1/1)

Altars:
Cheibriados
Dithmenos
Elyvilon
Fedhas
Gozag
Hepliaklqana
Kikubaaqudgha
Makhleb
Nemelex Xobeh
Okawaru
Qazlal
Ru
Sif Muna
Trog
Uskayaw
Vehumet
Wu Jian
Xom
Yredelemnul
Zin
The Shining One
Jiyva
Lugonu

Shops:
D [!:[*[?(=(=!:*(

Annotations:
D exclusions: oklob plant and orange crystal statue


Innate Abilities, Weirdness & Mutations

You are a tree.
Your roots penetrate the ground, keeping you stationary.
You cannot be teleported.
You are immune to unholy pain and torment.
Your maximum health is greatly increased.
You cannot wear most types of armour.
((You are amphibious.))
You can wear up to eight rings at the same time.
((Your skin changes colour to match your surroundings (Stealth+).))
((Your rubbery body absorbs attacks. (AC +1, EV +1)))
((You are camouflaged when in or above water. (Stealth+)))
((You have tentacles for arms and can constrict up to eight enemies at once.))


Message History

The polar bear is almost dead.
The death drake is engulfed in a cloud of scalding steam.
The death drake bites you but does no damage.
The polar bear bites you but does no damage.
The polar bear claws you but does no damage. x2
Your Fighting skill increases to level 2!
Unknown command.
A wave of flame ripples out!
The flame wave engulfs the death drake!
The death drake is moderately wounded.
The flame wave engulfs the polar bear!
You kill the polar bear!
Sif Muna accepts your kill.
You finish channelling waves of flame.
The death drake is engulfed in a cloud of scalding steam.
The death drake bites you but does no damage.
A swamp drake comes into view.
Your Summonings skill increases to level 3!
Your Air Magic skill increases to level 3!
Your Invocations skill increases to level 10!
Unknown command.
You aren't carrying any items that you can evoke.
Unknown command.
Casting: Flame Wave (dangerous; 2% risk of failure)
Confirm with . or Enter, or press ? or * to list all spells.
Okay, then.
Unknown command.
Unknown command.
Unknown command.
Okay, then.
Unknown command.
Unknown command.
Casting: Flame Wave (dangerous; 2% risk of failure)
Confirm with . or Enter, or press ? or * to list all spells.
You conjure some foxfire!
The death drake is engulfed in a cloud of scalding steam.
The death drake bites you.
* * * LOW HITPOINT WARNING * * *
The yaktaur wields a +0 arbalest.
The yaktaur shoots a bolt.
The bolt hits you!!
You die...

#)○▓.)(.)(..▓▓ #)%▓.(.....)▓▓
.### +.####)}▓...)..).▓▓ ...#
...####▓...[....▓▓ ..## #^.#
$#▓.[)(....▓▓ +# #..# +..#
c#▓))..)..[▓▓ .## ##..# #..#
.#▓..[..().▓▓ <.+
#'..####..##†#▓..(..[..▓▓ .##
#....###kk♣##▓▓▓▓▓▓▓'▓▓▓▓+▓ +#
##......§§vv§§§~~~~~§...≈≈≈▓
###~~§...§§#'########'###.≈X≈▓
#~~§~~§~..§#_._.....#§§§##≈≈≈▓
##~~§~~~~~.~#._._....#§÷≈≈####▓
+##~~~§≈§~~~§~#_._._...#~~~~§##..
~~~~§~~≈≈≈≈§~~#._._._..#~~~≈≈§#..
#+++#~§§§≈≈≈§~#_._._._.#~§§~§≈'..
≈≈≈ ##§≈≈###§≈#._._._._#~§§~≈~#..


You could see a death drake (ally target), a yaktaur and a swamp drake.

Vanquished Creatures
  2 deep trolls (D)
  3 polar bears (D)
  A hornet (D)
  5 crocodiles (D)
  3 ribbon worms (D)
14 creatures vanquished.

Vanquished Creatures (others)
  Menkaure (D)
  38 foxfires (D)
39 creatures vanquished.

Grand Total: 53 creatures vanquished

Notes
Turn   | Place    | Note
-------+----------+-------------------------------------------
     0 | D        | Conn the Octopode Fire Elementalist began the quest for the
                  | Orb.
     0 | D        | Reached XP level 1. HP: 11/11 MP: 3/3
    45 | D        | Reached XP level 2. HP: 4/17 MP: 1/5
    49 | D        | Learned a level 2 spell: Scorch
    59 | D        | Found Otalia's Distillery.
    59 | D        | Found Vyufamm's Antique Weapon Boutique.
    59 | D        | Found Gixieceng's Weapon Shop.
    59 | D        | Found Devoal's Jewellery Boutique.
    59 | D        | Found Garuiv's Book Boutique.
    60 | D        | Found Povyud's Jewellery Boutique.
    60 | D        | Found Eromopp's Weapon Shop.
    60 | D        | Found Bats's General Store.
    61 | D        | Found Omipninu's Magic Scroll Shop.
    61 | D        | Found Byt Ibad's Antique Armour Boutique.
    62 | D        | Noticed a hell hog
    62 | D        | Noticed a hell hog
    63 | D        | Found Coume's Assorted Antiques.
    63 | D        | Found Tewaitec's Antique Armour Shop.
    63 | D        | Noticed a crocodile
    63 | D        | Noticed an oklob plant
    63 | D        | Noticed a slime creature
    64 | D        | Found Roly's Distillery.
    64 | D        | Found Giwn's Book Shoppe.
    64 | D        | Found Pyept's Antique Armour Boutique.
    66 | D        | Noticed a slime creature
    66 | D        | Noticed a slime creature
    73 | D        | Killed Menkaure
    74 | D        | Bought a silver ring for 115 gold pieces
    76 | D        | Bought 2 potions of lignification for 72 gold pieces
   101 | D        | Killed a crocodile
   102 | D        | Reached skill level 1 in Unarmed Combat
   102 | D        | Reached XP level 3. HP: 22/22 MP: 0/8
   102 | D        | Reached XP level 4. HP: 27/27 MP: 0/10
   107 | D        | Learned a level 3 spell: Inner Flame
   112 | D        | Learned a level 4 spell: Flame Wave
   187 | D        | Noticed a scorpion
   192 | D        | Noticed an orange crystal statue
   198 | D        | Noticed a crocodile
   202 | D        | Killed a crocodile
   203 | D        | Reached XP level 5. HP: 9/32 MP: 7/12
   203 | D        | Found an iron altar of Okawaru.
   203 | D        | Found a radiant altar of Vehumet.
   203 | D        | Found a glowing silver altar of Zin.
   204 | D        | Found a sparkling altar of Nemelex Xobeh.
   204 | D        | Found a hide-covered altar of Uskayaw.
   204 | D        | Found a basalt altar of Yredelemnul.
   205 | D        | Found an opulent altar of Gozag.
   205 | D        | Found a burning altar of Makhleb.
   205 | D        | Found a bloodstained altar of Trog.
   205 | D        | Found a shimmering altar of Xom.
   206 | D        | Found a blossoming altar of Fedhas.
   206 | D        | Found a corrupted altar of Lugonu.
   206 | D        | Found a shimmering blue altar of Sif Muna.
   207 | D        | Found a white marble altar of Elyvilon.
   207 | D        | Found an ancient bone altar of Kikubaaqudgha.
   208 | D        | Found a shadowy altar of Dithmenos.
   208 | D        | Found a viscous altar of Jiyva.
   209 | D        | Found a snail-covered altar of Cheibriados.
   211 | D        | Found a sacrificial altar of Ru.
   211 | D        | Found a hazy altar of Hepliaklqana.
   212 | D        | Found a glowing golden altar of the Shining One.
   212 | D        | Found an ornate altar of the Wu Jian Council.
   212 | D        | Found a stormy altar of Qazlal.
   215 | D        | Noticed a crocodile
   219 | D        | Became a worshipper of Sif Muna the Loreminder
   230 | D        | Noticed a crocodile
   233 | D        | Noticed a crocodile
   234 | D        | Noticed a kraken
   245 | D        | Found the +8 frozen axe "Frostbite" {freeze, freezing
                  | cloud, *Noise Fly rC+}
   500 | D        | Killed a crocodile
   501 | D        | Reached skill level 5 in Dodging
   501 | D        | Reached skill level 5 in Spellcasting
   501 | D        | Reached skill level 1 in Hexes
   501 | D        | Reached skill level 3 in Invocations
   501 | D        | Reached XP level 6. HP: 30/37 MP: 2/13
   502 | D        | Reached * piety under Sif Muna
   503 | D        | Reached skill level 5 in Invocations
   601 | D        | Noticed a deep troll
   602 | D        | Noticed a deep troll
   622 | D        | Killed a deep troll
   623 | D        | Reached skill level 7 in Invocations
   623 | D        | Reached XP level 7. HP: 42/42 MP: 1/17
   623 | D        | Reached XP level 8. HP: 47/47 MP: 1/18
   763 | D        | Killed a deep troll
   764 | D        | Reached skill level 5 in Hexes
   764 | D        | Reached skill level 9 in Invocations
   815 | D        | Noticed an obsidian statue
   823 | D        | Learned a level 4 spell: Summon Lightning Spire
   882 | D        | Noticed a yaktaur
   882 | D        | Noticed a hornet
   882 | D        | Noticed a polar bear
   884 | D        | Noticed a polar bear
   889 | D        | Killed a polar bear
   889 | D        | Reached ** piety under Sif Muna
   889 | D        | Noticed a polar bear
   890 | D        | Reached skill level 1 in Fighting
   890 | D        | Reached skill level 1 in Summonings
   890 | D        | Reached skill level 1 in Air Magic
   893 | D        | Killed a polar bear
   893 | D        | Noticed a death drake
   894 | D        | Reached XP level 9. HP: 31/54 MP: 2/20
   897 | D        | Killed a hornet
   898 | D        | Killed a polar bear
   899 | D        | Reached skill level 10 in Invocations
   899 | D        | Shot with a bolt by a yaktaur

Illustrated notes

Levels and vault maps discovered:
D:        the_violet_keep_of_menkaure [sprint2_stairs_cluster_1,
          sprint2_shoproom, sprint2_temple, sprint2_basic_supplies,
          sprint2_obstacle_4, sprint2_obstacle_3, sprint2_obstacle_2,
          sprint2_obstacle_6, sprint2_obstacle_5, sprint2_timed_cluster_1,
          sprint2_smallroom_cluster_1, sprint2_smallroom_final_cluster_1,
          sprint2_transparent_cluster_1, sprint2_second_timed_cluster_1,
          sprint2_sniper_area_1, sprint2_heavy_combat_area_1,
          sprint2_mutation_trap_area_1, sprint2_forest_area_1,
          sprint2_light_combat_area_1, sprint2_behind_water_1,
          sprint2_near_end_vault_1]

Skill      XL: |  1  2  3  4  5  6  7  8  9 |
---------------+----------------------------+-----
Stealth        | 3 4 |  4.2
Fire Magic     | 4 6 7 8 9 |  9.7
Dodging        | 3 4 5 7 8 |  8.2
Unarmed Combat | 1 |  1.2
Spellcasting   | 4 5 6 7 |  7.8
Conjurations   | 2 3 4 6 7 |  7.5
Hexes          | 1 4 6 |  6.0
Invocations    | 3 7 9 10 | 10.0
Fighting       | 1 2 |  2.6
Summonings     | 2 3 |  3.3
Air Magic      | 2 3 |  3.3

Action                     |  1- 3 |  4- 6 |  7- 9 || total
---------------------------+-------+-------+-------++-------
  Melee: Unarmed           |     7 |       |       ||     7
         Constrict         |     3 |       |       ||     3
         Tentacles         |     2 |       |       ||     2
  Throw: Dart              |       |     7 |     3 ||    10
   Cast: Foxfire           |     9 |     5 |     8 ||    22
         Scorch            |     3 |     7 |     5 ||    15
         Flame Wave        |       |     2 |     4 ||     6
         Inner Flame       |       |     1 |     2 ||     3
    Use: Potion            |     3 |       |     3 ||     6
 Armour: Skin              |     8 |     6 |    41 ||    55
  Dodge: Dodged            |    10 |     3 |       ||    13

Table legend: (Time is in decaauts)
 A = Elapsed time spent in this place.
 B = Non-inter-level travel time spent in this place.
 C = Inter-level travel time spent in this place.
 D = Time resting spent in this place.
 E = Time spent auto-exploring this place.
 F = Levels seen in this place.
 G = Mean time per level.
                   A        B        C        D        E       F      G
               +--------+--------+--------+--------+--------+-----+--------+
         Total |    905 |    905 |      0 |    395 |      0 |   1 |  905.0 |
       Dungeon |    905 |    905 |      0 |    395 |      0 |   1 |  905.0 |
               +--------+--------+--------+--------+--------+-----+--------+

Top non-repeatable levels by time:
       D: 905 daAuts
